 Dungeon Crawl Stone Soup version 0.31-a0-229-g1fc7ce93e2 (webtiles) character file.

Game seed: 9190380639270836527

329 Newt the Skirmisher (level 6, -1/33 (40) HPs)
             Began as a Kobold Hunter on July 6, 2023.
             Succumbed to a kobold brigand's poison
             ... on level 4 of the Dungeon.
             The game lasted 00:02:36 (4305 turns).

Newt the Skirmisher (Kobold Hunter)                 Turns: 4305, Time: 00:02:37

HP:   -1/33 (40)    AC:  0    Str:  8    XL:     6   Next: 80%
MP:   6/6           EV: 21    Int: 10    God:
Gold: 213           SH:  0    Dex: 26    Spells: 5/5 levels left

rFire   . . .        a - melded +0 shortbow (freeze)
rCold   . . .        (shield currently unavailable)
rNeg    . . .        c - melded +0 leather armour
rPois   .            (helmet currently unavailable)
rElec   .            (cloak currently unavailable)
rCorr   .            (gloves currently unavailable)
SInv    .            (boots currently unavailable)
Will    .....        (no amulet)
Stlth   +++          (ring currently unavailable)
HPRegen 0.25/turn    (ring currently unavailable)
MPRegen 0.10/turn

%: no passive effects
@: lethally poisoned (-1 -> -25), bat-form, flying, hasted and slowed, heavily
drained, very quick
A: fast, flying, no casting, tiny, no large weapons, nightstalker 3
a: no special abilities


You were on level 4 of the Dungeon.
You were a bat.
You visited 1 branch of the dungeon, and saw 4 of its levels.

You collected 213 gold pieces.

Inventory:

Hand Weapons
 a - a +0 shortbow of freezing (melded)
Armour
 c - a +0 leather armour (melded)
Scrolls
 b - a scroll of butterflies
 i - 2 scrolls of brand weapon
Potions
 d - a potion of enlightenment
 e - a potion of mutation
 h - a potion of curing {unknown}
 j - a potion of degeneration {unknown}
 k - a potion of lignification {unknown}


   Skills:
 - Level 5.0 Fighting
 + Level 8.4 Ranged Weapons
 - Level 2.4 Dodging
 - Level 1.3 Stealth


You had 5 spell levels left.
You didn't know any spells.
Your spell library contained the following spells:

 Spells                   Type           Power      Damage    Failure   Level
 Magic Dart               Conj           0%         1d3       36%         1
 Call Imp                 Summ           0%         N/A       50%         2
 Static Discharge         Conj/Air       0%         2-2/arc   50%         2
 Mephitic Cloud           Conj/Pois/Air  0%         N/A       75%         3
 Airstrike                Air            0%         2d(0-16)  98%         4
 Summon Lightning Spire   Summ/Air       0%         N/A       98%         4


Dungeon Overview and Level Annotations

Branches:
Dungeon (4/15)
 Temple: D:4-7

Altars:
Makhleb
Uskayaw
Wu Jian

Annotations:
D:4 1 runed translucent door, Crazy Yiuf


Innate Abilities, Weirdness & Mutations

You are a bat.
You are tiny and dextrous.
You move quickly.
You are flying.
Your equipment is almost entirely melded.
You are incapable of wielding weapons or throwing items.
You cannot cast spells.
You are small and have problems with some larger weapons.
You are completely attuned to the shadows.


Message History

You feel drained.
* * * LOW HITPOINT WARNING * * *
You feel much better.
The kobold brigand hits you with a +2 dagger of draining.
You feel drained.
* * * LOW HITPOINT WARNING * * *
The kobold brigand misses you. The hobgoblin barely misses you.
The hobgoblin attacks as you move away! The hobgoblin hits you with a +0 club.
* * * LOW HITPOINT WARNING * * *
The kobold brigand closely misses you.
The kobold brigand hits you but does no damage.
You feel drained.
The kobold brigand zaps a wand.
You resist with some effort.
The kobold brigand attacks as you move away!
The kobold brigand hits you with a +2 dagger of draining.
* * * LOW HITPOINT WARNING * * *
You feel drained.
* * * LOW HITPOINT WARNING * * *
The kobold brigand throws a curare-tipped dart.
The curare-tipped dart misses you.
The kobold brigand throws a poisoned dart.
The poisoned dart closely misses you.
You feel much better.
You feel yourself speed up.
The kobold brigand hits you with a +2 dagger of draining.
You feel drained.
The kobold brigand zaps a wand.
You turn into a bat.
Your +0 shortbow of freezing melds into your body.
Your +0 leather armour melds into your body.
Your +0 shortbow of freezing stops glowing.
The kobold brigand throws a curare-tipped dart.
The curare-tipped dart hits you.
You are lethally poisoned!
You have difficulty breathing.
* * * LOW HITPOINT WARNING * * *
You feel yourself slow down.
The kobold brigand throws a poisoned dart.
The poisoned dart hits you!
You are more poisoned.
You see here a +0 dagger.
You feel yourself speed up.
You die...

.##.# ####...#..#...#.#.....
###.# ##.)##...#......... #.#
#))#~#..#.#.#####. ###.#
##..#~~..#.#.#..... #.#.#
#.)##~~..#.#.#.###. ..#.#
#..#≈~~~.#.#.#.#.#. #.#.#
#..#≈≈~~.#.#.#.#.#. ###.#
#..#≈~~~.#.#.#.#.#. ....#
#.b##~~..#.#....<.. #####
##..#~~..#.####.### ##
#..##~..#......... .############
###KK#~....####.### ............#
#~#g.#............
....#######.###~#).#......###.#..
....# #.##~~#..#......# .#..
....# #.#~~~#..##....PP ....#
#.#~~≈##..#...≈≈. ###


You could see 2 kobold brigands and a hobgoblin.

Vanquished Creatures
  A quasit (D:4)
  A jelly (D:4)
  A hound (D:4)
  2 orc wizards (D:3)
  3 gnolls (D:2)
  An adder (D:2)
  3 shadow imps (D:4)
  A white imp (D:4)
  2 ufetubi (D:4)
  2 worms (D:2)
  A dart slug (D:3)
  18 orcs
  4 endoplasms
  5 giant cockroaches
  6 goblins
  7 hobgoblins
  5 jackals
  10 kobolds
  A quokka (D:3)
  2 ball pythons
  3 bats
  2 frilled lizards (D:3)
  6 rats
87 creatures vanquished.

Notes
Turn   | Place    | Note
-------+----------+-------------------------------------------
     0 | D:1      | Newt the Kobold Hunter began the quest for the Orb.
     0 | D:1      | Reached XP level 1. HP: 12/12 MP: 1/1
    68 | D:1      | Reached XP level 2. HP: 18/18 MP: 2/2
  1241 | D:2      | Reached XP level 3. HP: 23/23 MP: 3/3
  1482 | D:2      | Reached XP level 4. HP: 28/30 MP: 4/4
  1617 | D:2      | Found a hide-covered altar of Uskayaw.
  1758 | D:2      | Reached skill level 5 in Fighting
  2158 | D:3      | Reached skill level 6 in Ranged Weapons
  2158 | D:3      | Reached XP level 5. HP: 35/35 MP: 5/5
  2383 | D:3      | Found an ornate altar of the Wu Jian Council.
  2566 | D:3      | Found Zeiq's Armour Shop.
  2732 | D:3      | Found a faded altar of an unknown god.
  3116 | D:4      | Found a burning altar of Makhleb.
  3386 | D:4      | Reached skill level 7 in Ranged Weapons
  3393 | D:4      | Reached XP level 6. HP: 35/40 MP: 6/6
  3779 | D:4      | Reached skill level 8 in Ranged Weapons
  4205 | D:4      | Found a runed translucent door.
  4208 | D:4      | Noticed Crazy Yiuf
  4305 | D:4      | Succumbed to a kobold brigand's poison

Illustrated notes

Levels and vault maps discovered:
D:1:      dpeg_arrival_prison, layout_loops_ring, serial_co_window_serial,
          co_window_paths_b, co_window_corner_a, co_window_corner_a,
          co_window_corner_a, co_window_paths_a, co_window_paths_a,
          co_window_corner_a, co_window_of_opportunity_c, co_window_broadway_c,
          co_window_of_opportunity_b, co_window_of_opportunity_b,
          co_window_paths_d, co_window_sun, glass_columns_a, glass_columns_c,
          glass_columns_a, glass_columns_a, glass_columns_a
D:2:      layout_loops_ring, basic_altar
D:3:      layout_basic, nzn_wu_jian_contemplation, serial_shops,
          nicolae_diamond_shop, dreamdust_ecumenical_altar_hidden_monk_grotto,
          st_stairs_8
D:4:      cheibrodos_thug_alley, layout_basic, lemuel_crystal_altar,
          serial_demonic, serial_demonic_b, serial_demonic_g, serial_demonic_b,
          serial_demonic_e, serial_demonic_g, serial_demonic_a,
          serial_demonic_b, serial_demonic_c, serial_demonic_b,
          serial_demonic_b, uniq_crazy_yiuf_cottage

Skill      XL: |  1  2  3  4  5  6 |
---------------+-------------------+-----
Fighting       | 3 4 5 |  5.0
Ranged Weapons | 6 7 8 |  8.4
Dodging        | |  2.4
Stealth        | |  1.3

Action                     |  1- 3 |  4- 6 || total
---------------------------+-------+-------++-------
   Fire: Shortbow          |    46 |   167 ||   213
    Use: Potion            |     2 |     3 ||     5
         Scroll            |     1 |     4 ||     5
 Armour: Leather armour    |     3 |    18 ||    21
  Dodge: Dodged            |    16 |    69 ||    85

Table legend: (Time is in decaauts)
 A = Elapsed time spent in this place.
 B = Non-inter-level travel time spent in this place.
 C = Inter-level travel time spent in this place.
 D = Time resting spent in this place.
 E = Time spent auto-exploring this place.
 F = Levels seen in this place.
 G = Mean time per level.
                   A        B        C        D        E       F      G
               +--------+--------+--------+--------+--------+-----+--------+
         Total |   4330 |   4178 |    152 |    210 |   3574 |   4 | 1082.5 |
       Dungeon |   4330 |   4178 |    152 |    210 |   3574 |   4 | 1082.5 |
               +--------+--------+--------+--------+--------+-----+--------+

Top non-repeatable levels by time:
     D:1: 1245 daAuts
     D:4: 1242 daAuts
     D:3: 1044 daAuts
     D:2: 798 daAuts
